 Dungeon Crawl Stone Soup version 0.18-a0-1562-gac8da35 (webtiles) character file.

49 Ratboiler the Sneak (level 3, 0/16 HPs)
             Began as a Vine Stalker Wanderer on Mar 13, 2016.
             Succumbed to an adder's poison
             ... on level 2 of the Dungeon.
             The game lasted 00:03:05 (1150 turns).

Ratboiler the Sneak (Vine Stalker Wanderer)         Turns: 1150, Time: 00:03:05

Health: 0/16       AC:  5    Str: 15    XL:     3   Next: 75%
Magic:  2/5        EV: 10    Int: 10    God:
Gold:   48         SH:  0    Dex: 15    Spells: 0 memorised, 4 levels left

rFire  . . .     SeeInvis .     e - +0 club
rCold  . . .     Gourm    .     j - +0 ring mail
rNeg   . . .     Faith    .     (no shield)
rPois  .         Spirit   +     (no helmet)
rElec  .         Dismiss  .     (no cloak)
rCorr  .         Reflect  .     (no gloves)
SustAt .         Harm     .     (no boots)
MR     .....                    (no amulet)
Stlth  ++........               (no ring)
                                (no ring)

@: lethally poisoned (0 -> -7), not resistant to hostile enchantments,
unstealthy
A: fangs 2, regeneration 1, magic shield, antimagic bite, no device heal 3, rot
immunity
a: no special abilities


You were on level 2 of the Dungeon.
You were not hungry.

You visited 1 branch of the dungeon, and saw 2 of its levels.

You collected 48 gold pieces.

Inventory:

Hand Weapons
 e - a +0 club (weapon)
 f - a +0 dagger
Missiles
 k - 43 stones (quivered)
 l - a throwing net
Armour
 d - a +0 robe
 j - a +0 ring mail (worn)
Scrolls
 h - a scroll of identify {unknown}
 m - a scroll of enchant armour {unknown}
Potions
 i - a potion of heal wounds {unknown}
Books
 a - a book of Changes

   Spells                             Type                      Level
   a - Beastly Appendage              Transmutation                1
   b - Sticks to Snakes               Transmutation                2
   c - Spider Form                    Transmutation/Poison         3
   d - Ice Form                       Ice/Transmutation            4
   e - Blade Hands                    Transmutation                5
 b - the Compendium of the Snowflakes

   Spells                             Type                      Level
   a - Freeze                         Ice                          1
   b - Throw Frost                    Conjuration/Ice              2
 c - Awymyjiu's Reference Book on Transmutation

   Spells                             Type                      Level
   a - Beastly Appendage              Transmutation                1
   b - Spider Form                    Transmutation/Poison         3
Comestibles
 g - a bread ration
 n - 3 chunks of flesh


   Skills:
   Level 1.0 Long Blades
 * Level 2.9 Maces & Flails
 - Level 1.0 Dodging
 - Level 3.6 Stealth
 - Level 1.1 Spellcasting
   Level 3.0 Transmutations
   Level 1.0 Ice Magic


You had 4 spell levels left.
You didn't know any spells.

Dungeon Overview and Level Annotations

Branches:
Dungeon (2/15)

Altars:

Annotations:
D:2 Terence


Innate Abilities, Weirdness & Mutations

You have extremely sharp teeth.
Your natural rate of healing is unusually fast.
When hurt, damage is shared between your health and your magic reserves.
Your bite disrupts and absorbs the magic of your enemies.
Potions and wands cannot restore your health.
You are immune to rotting.


Message History

The goblin hits you.
* * * LOW HITPOINT WARNING * * *
The adder closely misses you.
You miss the adder. Your bite misses the adder.
* * * LOW HITPOINT WARNING * * *
You feel sick. The adder bites you but does no damage. The goblin hits you.
You hit the adder but do no damage. You bite the adder. You drain its power.
You feel invigorated.
The adder is moderately wounded.
The adder barely misses you. The goblin hits you. The adder bites you.
* * * LOW HITPOINT WARNING * * *
You are more poisoned.
The adder poisons you!
You barely miss the adder.
The adder is moderately wounded.
* * * LOW HITPOINT WARNING * * *
You feel sick. The adder completely misses you. The goblin closely misses you.
You barely miss the adder. Your bite misses the adder.
The adder is moderately wounded.
You die...

#................##....
#...............[##....
#................##....
#................##....
#.)....................
#.......#........##....
#......#####.....##....
####.S.# #.....##...#
#.#@# #####..###.#
#.#g#########...##..
#..b.......##...)...
#..........##.....#.
#..........##....###
#..........##.......
#...............#..#
#...................
#............ #.


You could see an adder, a goblin and a bat.

Vanquished Creatures
  An adder (D:2)
  An ooze (D:2)
  A dart slug (D:1)
  3 giant cockroaches
  3 goblins (D:1)
  6 hobgoblins
  7 kobolds
  A quokka (D:2)
  3 giant newts (D:2)
  6 rats (D:1)
32 creatures vanquished.

Notes
Turn   | Place    | Note
--------------------------------------------------------------
     0 | D:1      | Ratboiler the Vine Stalker Wanderer began the quest for the Orb.
     0 | D:1      | Ratboiler set off with: a book of Changes, the Compendium of the Snowflakes, Awymyjiu's Reference Book on Transmutation, a +0 robe, a +0 club, a +0 dagger, a bread ration
     0 | D:1      | Reached XP level 1. HP: 9/9 MP: 3/3
     0 | D:1      | Identified the Compendium of the Snowflakes
     0 | D:1      | Identified Awymyjiu's Reference Book on Transmutation
    60 | D:1      | Reached skill level 1 in Maces & Flails
   166 | D:1      | Reached XP level 2. HP: 4/13 MP: 4/4
   467 | D:1      | Reached XP level 3. HP: 16/16 MP: 5/5
   854 | D:2      | Noticed Terence
  1150 | D:2      | Succumbed to an adder's poison

Vault maps used:
D:1:      lemuel_arrival_lava_pool, minmay_close_crescents
D:2:      uniq_natasha, uniq_terence

Skill      XL: |  1  2 |
---------------+-------+-----
Maces & Flails | 1 2 |  2.9
Long Blades    | |  1.0
Dodging        | |  1.0
Stealth        | |  3.6
Spellcasting   | |  1.1
Transmutations | |  3.0
Ice Magic      | |  1.0

Action                   || total
-------------------------++-------
Melee: Club              ||   112
Throw: Stone             ||     5
 Stab: Sleeping          ||     5
  Eat: Chunk             ||     1
